 Dungeon Crawl Stone Soup version 0.30-a0-808-g6e0788376e (webtiles) character file.

Game seed: 13089319326099024905

422 cforsyth the Sneak (level 7, -2/38 HPs)
             Began as a Kobold Brigand on Feb 27, 2023.
             Was a Follower of Hepliaklqana.
             Slain by Eustachio
             ... wielding a +0 rapier
              (4 damage)
             ... on level 3 of the Dungeon.
             The game lasted 00:05:36 (4037 turns).

cforsyth the Sneak (Kobold Brigand)                 Turns: 4037, Time: 00:05:37

Health: -2/38      AC:  3    Str:  8      XL:     7   Next: 17%
Magic:  5/7        EV: 16    Int: 12      God:    Hepliaklqana [*.....]
Gold:   210        SH:  5    Dex: 18 (19) Spells: 6/6 levels left

rFire   . . .      SeeInvis .    a - +2 dagger
rCold   . . .      Faith    .    (no shield)
rNeg    . . .      Spirit   .    b - +0 robe
rPois   .          Reflect  +    (no helmet)
rElec   .          Harm     .    c - +0 cloak
rCorr   .          Rampage  .    (no gloves)
Will    .....                    (no boots)
Stlth   +++++                    i - amulet of reflection
HPRegen 0.26/turn                (no ring)
MPRegen 0.10/turn                (no ring)

@: no status effects
A: reduced essence, small, no large weapons, nightstalker 3
a: Renounce Religion, Recall Ancestor, Ancestor Identity


You were on level 3 of the Dungeon.
You worshipped Hepliaklqana.
Hepliaklqana was aware of your devotion.
You visited 1 branch of the dungeon, and saw 4 of its levels.
You also visited: Sewer.

You collected 210 gold pieces.

Inventory:

Hand Weapons
 a - a +2 dagger (weapon)
Missiles
 d - 28 poisoned darts (quivered)
 e - 3 curare-tipped darts
 j - 2 atropa-tipped darts
Armour
 b - a +0 robe (worn)
 c - a +0 cloak (worn)
Jewellery
 i - an amulet of reflection (around neck)
Wands
 r - a wand of flame (9)
 v - a wand of roots (8)
Scrolls
 f - 2 scrolls of identify
 g - 4 scrolls of teleportation {unknown}
 h - 3 scrolls of fear
 m - 2 scrolls of amnesia
 s - a scroll of vulnerability {unknown}
 u - a scroll of acquirement {unknown}
Potions
 k - 2 potions of curing
 l - a potion of cancellation {unknown}
 n - a potion of attraction
 o - 2 potions of brilliance {unknown}
 p - a potion of heal wounds {unknown}
 q - a potion of resistance {unknown}
 t - 2 potions of haste {unknown}


   Skills:
 + Level 4.2 Fighting
 + Level 5.2 Short Blades
 - Level 2.1 Throwing
 + Level 4.2 Dodging
 + Level 7.3 Stealth


You had 6 spell levels left.
You didn't know any spells.
Your spell library contained the following spells:

 Spells                   Type           Power      Damage    Failure   Level
 Ensorcelled Hibernation  Hex/Ice        0%         N/A       45%         2
 Spider Form              Tmut/Pois      0%         N/A       69%         3
 Anguish                  Hex/Necr       0%         N/A       97%         4
 Chain Lightning          Conj/Air       0%         N/A       100%        9
 Fire Storm               Conj/Fire      0%         5d1       100%        9
 Shatter                  Erth           0%         3d5*      100%        9


Dungeon Overview and Level Annotations

Branches:
Dungeon (4/15)              Sewer (visited)
 Temple: D:4-7

Altars:
Hepliaklqana
Xom

Shops:
D:1 [

Annotations:
D:3 Eustachio


Innate Abilities, Weirdness & Mutations

Your life essence is reduced to manifest your ancestor. (-10% HP)
You are small and have problems with some larger weapons.
You are completely attuned to the shadows.


Message History

You completely miss Eustachio.
Eustachio mumbles some strange words.
The quokka completely misses you. The river rat bites you.
You hit Eustachio.
Eustachio is lightly wounded.
Zulima closely misses Eustachio.
The quokka bites you. Eustachio hits you but does no damage.
You hit Eustachio.
Eustachio is lightly wounded.
You block the shadow imp's attack.
The river rat bites you but does no damage.
Zulima misses Eustachio.
The iron imp misses you.
You closely miss Eustachio.
Eustachio is lightly wounded.
The quokka bites you. Eustachio hits you with a +0 rapier.
The river rat bites you!
* * * LOW HITPOINT WARNING * * *
The shadow imp barely misses you.
Zulima completely misses Eustachio.
The quasit bites you.
* * * LOW HITPOINT WARNING * * *
You feel clumsy. The quasit closely misses you. The quasit misses you.
You block the quokka's attack. The iron imp hits you.
* * * LOW HITPOINT WARNING * * *
Eustachio misses you. The river rat completely misses you.
The shadow imp hits you but does no damage.
Zulima closely misses Eustachio.
The quasit misses you. The quasit barely misses you. The quasit misses you.
You climb upwards.
The shadow imp disappears in a puff of smoke!
The quasit disappears in a puff of smoke!
The river rat disappears in a puff of smoke!
The quokka disappears in a puff of smoke!
The iron imp disappears in a puff of smoke!
There is a stone staircase leading down here.
Zulima is recalled.
Eustachio hits you with a +0 rapier.
* * * LOW HITPOINT WARNING * * *
Eustachio attacks as you move away! Eustachio hits you with a +0 rapier.
You die...

##.#.#.#.##......##.####.####
##.#.#.##..#######.# #.#
##.#.##..)........# #.#
##†##......##########.#
###.......#..........#
#........#.##########
##.#.##....# #.#.....@.#
#....#..@.# ####.#...R#
########.###.##
#.....#....(.# #.###.########
#.# #.# #####.# #.# .|....#
#.# ####### #.#


You could see the friendly Zulima the ancestor and Eustachio (ally target).

Vanquished Creatures
  2 kobold brigands (Sewer)
  Ijyb (D:4)
  An orc wizard (D:3)
  9 adders
  2 river rats (Sewer)
  A worm (D:4)
  7 dart slugs
  6 orcs
  12 ball pythons
  6 endoplasms
  2 giant cockroaches (D:2)
  5 goblins
  10 hobgoblins
  13 jackals
  2 quokkas (D:1)
  6 bats
  10 frilled lizards
  6 kobolds
  13 rats
114 creatures vanquished.

Vanquished Creatures (collateral kills)
  An orc (D:4)
  A goblin (D:4)
  A hobgoblin (D:4)
3 creatures vanquished.

Vanquished Creatures (others)
  12 plants (Sewer)
12 creatures vanquished.

Grand Total: 129 creatures vanquished

Notes
Turn   | Place    | Note
-------+----------+-------------------------------------------
     0 | D:1      | cforsyth the Kobold Brigand began the quest for the Orb.
     0 | D:1      | Reached XP level 1. HP: 12/12 MP: 1/1
   133 | D:1      | Reached XP level 2. HP: 18/18 MP: 2/2
   243 | D:1      | Reached XP level 3. HP: 20/22 MP: 3/3
   559 | D:1      | Found Daotargh's Antique Armour Shop.
  1093 | D:2      | Reached XP level 4. HP: 27/27 MP: 4/4
  1388 | D:2      | Reached skill level 6 in Stealth
  1729 | D:3      | Found a glowing drain.
  1733 | Sewer    | Entered a sewer
  2024 | Sewer    | Reached XP level 5. HP: 7/32 MP: 5/5
  2135 | Sewer    | Noticed a kobold brigand
  2157 | Sewer    | Killed a kobold brigand
  2521 | Sewer    | Reached XP level 6. HP: 37/37 MP: 6/6
  2829 | Sewer    | Reached skill level 7 in Stealth
  3149 | D:3      | Found a hazy altar of Hepliaklqana.
  3169 | D:3      | Became a worshipper of Hepliaklqana the Forgotten
  3689 | D:3      | Reached skill level 5 in Short Blades
  3708 | D:3      | Reached XP level 7. HP: 43/43 MP: 7/7
  3860 | D:4      | Found a shimmering altar of Xom.
  3867 | D:4      | Found a shimmering altar of Xom.
  3869 | D:4      | Found a shimmering altar of Xom.
  3869 | D:4      | Found a shimmering altar of Xom.
  3936 | D:4      | Found a shimmering altar of Xom.
  3941 | D:4      | Found a shimmering altar of Xom.
  3941 | D:4      | Found a shimmering altar of Xom.
  3967 | D:4      | Noticed Ijyb
  3971 | D:4      | Killed Ijyb
  3987 | D:4      | Reached * piety under Hepliaklqana
  4015 | D:4      | Noticed Eustachio
  4037 | D:3      | Slain by Eustachio

Illustrated notes

Levels and vault maps discovered:
D:1:      minmay_arrival_radiant_lines, layout_basic, serial_shops,
          nicolae_shop_behind_doors, minmay_vboxes
D:2:      layout_basic, dk_vineyard_2, minmay_pentomino_q2
D:3:      minmay_inner_zag, layout_basic, mainiacjoe_overflow_six_doors_small,
          gup_sewer_entry_bowl
D:4:      layout_rooms, nicolae_xom_altar_mimics, uniq_robin, uniq_eustachio,
          uniq_ijyb, uniq_duvessa

Skill      XL: |  1  2  3  4  5  6 |
---------------+-------------------+-----
Short Blades   | 3 4 5 |  5.2
Dodging        | 2 3 4 |  4.2
Stealth        | 6 7 |  7.3
Fighting       | 3 4 |  4.2
Throwing       | |  2.1

Action                     |  1- 3 |  4- 6 |  7- 9 || total
---------------------------+-------+-------+-------++-------
  Melee: Dagger            |    94 |   252 |    48 ||   394
         Punch             |       |     2 |     1 ||     3
 Invoke: Recall Ancestor   |       |       |     1 ||     1
    Use: Scroll            |       |     6 |       ||     6
         Potion            |       |     2 |       ||     2
   Stab: Sleeping          |    16 |    29 |     5 ||    50
         Invisible         |       |     1 |       ||     1
         Distracted        |       |     1 |       ||     1
 Armour: Robe              |    15 |    30 |     7 ||    52
  Dodge: Dodged            |    50 |   121 |    39 ||   210
  Block: Other             |     2 |    54 |    15 ||    71

Table legend: (Time is in decaauts)
 A = Elapsed time spent in this place.
 B = Non-inter-level travel time spent in this place.
 C = Inter-level travel time spent in this place.
 D = Time resting spent in this place.
 E = Time spent auto-exploring this place.
 F = Levels seen in this place.
 G = Mean time per level.
                   A        B        C        D        E       F      G
               +--------+--------+--------+--------+--------+-----+--------+
         Total |   4122 |   4040 |     82 |    317 |   2850 |   5 |  824.4 |
       Dungeon |   2628 |   2546 |     82 |      0 |   1946 |   4 |  657.0 |
         Sewer |   1494 |   1494 |      0 |    317 |    904 |   1 | 1494.0 |
               +--------+--------+--------+--------+--------+-----+--------+

Top non-repeatable levels by time:
   Sewer: 1494 daAuts
     D:1: 919 daAuts
     D:3: 872 daAuts
     D:2: 664 daAuts
     D:4: 172 daAuts
